 Dungeon Crawl Stone Soup version 0.31.0-11-ge490571c62 (webtiles) character file.

Game seed: 3020720863141120431

386502 Aldia the Warrior (level 23, -5/195 (214) HPs)
             Began as an Octopode Alchemist on Jan 29, 2024.
             Was an Initiate of Gozag.
             Killed from afar by a revenant (9 damage)
             ... with a ghostly fireball
             ... on level 1 of the Crypt on Jan 30, 2024.
             The game lasted 03:12:21 (51700 turns).

Aldia the Warrior (Octopode Alchemist)             Turns: 51700, Time: 03:12:22

HP:   -5/195 (214)  AC: 37    Str: 10    XL:     23   Next: 1%
MP:   12/42         EV: 19    Int: 51    God:    Gozag
Gold: 8170          SH: 19    Dex: 19    Spells: 8/53 levels left

rFire   + . .        P - +2 Maxwell's thermic engine {flame, freeze, rev}
rCold   + . .        O - +5 kite shield {reflect}
rNeg    + . .        X - +2 hat {Stlth+}
rPois   ∞            U - amulet of Tiupurud {RegenMP rC+ Will+ Int+2 Stlth-}
rElec   +            k - ring "Ytof" {AC+4 Int+6}
rCorr   .            e - ring of wizardry
SInv    .            B - +6 ring of intelligence
Will    ++...        m - +6 ring of intelligence
Stlth   ++++         S - ring of protection from fire
HPRegen 0.52/turn    s - +6 ring of intelligence
MPRegen 0.68/turn    i - +4 ring of protection
                     f - +6 ring of dexterity

%: reflection, wizardry (x1)
@: statue-form, slightly contaminated, studying Conjurations, drained, very slow
A: slow and powerful, torment resistance 1, boosted hp, almost no armour,
amphibious, 8 rings, camouflage 1, (gelatinous body 1), (nimble swimmer 1),
tentacles, tentacle spike 1, persistent drain
}: 2/15 runes: barnacled, gossamer
a: Begin Untransformation, Renounce Religion, Potion Petition, Call Merchant,
Bribe Branch


You were on level 1 of the Crypt.
You worshipped Gozag.
Gozag was greatly pleased with you.
You were a living statue of rough stone.
You visited 9 branches of the dungeon, and saw 39 of its levels.
You visited the Abyss 1 time.
You also visited: Ossuary, Ice Cave and Wizlab.

You collected 18469 gold pieces.
You spent 4859 gold pieces at shops.
You paid 5440 gold pieces to Gozag.

Inventory:

Hand Weapons
 P - the +2 Maxwell's thermic engine (weapon) {flame, freeze, rev}
   (You found it on level 4 of the Shoals)
Armour
 O - a +5 kite shield of reflection (worn)
 X - a +2 hat of stealth (worn)
Jewellery
 e - a ring of wizardry (right tentacle)
 f - a +6 ring of dexterity (on tentacle)
 i - a +4 ring of protection (on tentacle)
 k - the ring "Ytof" (left tentacle) {AC+4 Int+6}
   (You acquired it on level 2 of the Vaults)

   [ring of protection]

   AC+4:      It affects your AC (+4).
   Int+6:     It affects your intelligence (+6).
 m - a +6 ring of intelligence (on tentacle)
 s - a +6 ring of intelligence (on tentacle)
 x - a ring of see invisible
 B - a +6 ring of intelligence (on tentacle)
 L - the ring "Niym" {rPois rC+ Will- Int+5 Stlth+}
   (You found it on level 3 of the Elven Halls)

   [ring of protection from cold]

   Int+5:     It affects your intelligence (+5).
   rC+:       It protects you from cold.
   rPois:     It protects you from poison Will-: It decreases your willpower.
   Stlth+:    It makes you more stealthy.
 S - a ring of protection from fire (on tentacle)
 U - the amulet of Tiupurud (around mantle) {RegenMP rC+ Will+ Int+2 Stlth-}
   (You bought it in a shop on level 1 of the Orcish Mines)

   [amulet of magic regeneration]

   RegenMP:   It increases your rate of magic regeneration.
   Int+2:     It affects your intelligence (+2).
   rC+:       It protects you from cold.
   Will+:     It increases your willpower.
   Stlth-:    It makes you less stealthy.
Talismans
 o - a granite talisman (active)
Wands
 w - a wand of polymorph (12)
 K - a wand of iceblast (32)
 M - a wand of acid (31)
 N - a wand of paralysis (21)
 Y - a wand of digging (6)
Scrolls
 b - 4 scrolls of revelation
 d - 4 scrolls of fog
 g - 6 scrolls of silence
 h - 3 scrolls of blinking
 j - 10 scrolls of teleportation
 l - 5 scrolls of vulnerability
 n - 5 scrolls of immolation
 r - 12 scrolls of enchant weapon
 t - 3 scrolls of poison
 R - 6 scrolls of noise
 T - 6 scrolls of fear
 V - 3 scrolls of torment
 Z - 3 scrolls of enchant armour
Potions
 a - 6 potions of attraction
 q - 8 potions of heal wounds
 u - 14 potions of curing
 v - 10 potions of brilliance
 y - a potion of magic
 A - 4 potions of haste
 C - 6 potions of might
 D - 6 potions of invisibility
 E - 8 potions of ambrosia
 F - 5 potions of enlightenment
 H - 2 potions of berserk rage
 I - 4 potions of cancellation
 Q - 5 potions of mutation
 W - 6 potions of resistance
Miscellaneous
 c - a phantom mirror
 p - a lightning rod (4/4)
 G - a phial of floods
 J - a sack of spiders


   Skills:
 + Level 16.2 Fighting
 + Level 9.9 Long Blades
 - Level 13.0 Dodging
 - Level 3.1 Stealth
 - Level 14.0 Shields
 - Level 2.1 Unarmed Combat
 + Level 15.8 Spellcasting
 - Level 8.0 Conjurations
 - Level 5.0 Hexes
 - Level 5.0 Translocations
 - Level 5.0 Fire Magic
 * Level 15.9 Ice Magic
 - Level 2.0 Air Magic
 - Level 8.0 Alchemy
 - Level 5.0 Evocations
 - Level 16.0 Shapeshifting


You had 8 spell levels left.
You knew the following spells:

 Your Spells              Type           Power      Damage    Failure   Level
a - Irradiate             Conj/Alch      44%        3d26      1%          5
b - Blink                 Tloc           100%       N/A       1%          2
c - Sculpt Simulacrum     Ice/Alch       52%        N/A       1%          6
d - Olgreb's Toxic Radia  Alch           89%        N/A       1%          4
e - Fulminant Prism       Conj/Alch      44%        3d19      1%          4
f - Ozocubu's Refrigerat  Ice            58%        4d20      1%          7
g - Ignite Poison         Fire/Alch      82%        N/A       1%          4
h - Sticky Flame          Fire/Alch      82%        2d13      1%          4
i - Yara's Violent Unrav  Hex/Alch       41%        3d16      1%          5
j - Passage of Golubria   Tloc           75%        N/A       1%          4

Your spell library contained the following spells:

 Spells                   Type           Power      Damage    Failure   Level
 Frozen Ramparts          Ice            100%       1d16      0%          3
 Hailstorm                Conj/Ice       100%       3d16      0%          3
 Ozocubu's Armour         Ice            100%       N/A       0%          3
 Kiss of Death            Conj/Necr      100%       2d13      1%          1
 Magic Dart               Conj           100%       1d8       1%          1
 Necrotise                Necr           100%       1d9       1%          1
 Slow                     Hex            100%       N/A       1%          1
 Sting                    Conj/Alch      100%       1d9       1%          1
 Call Imp                 Summ           80%        N/A       1%          2
 Cigotuvi's Dreadful Rot  Necr/Alch/Air  100%       N/A       1%          2
 Lesser Beckoning         Tloc           100%       N/A       1%          2
 Mercury Vapours          Alch/Air       100%       N/A       1%          2
 Momentum Strike          Conj/Tloc      100%       3d10      1%          2
 Scorch                   Fire           100%       2d9       1%          2
 Searing Ray              Conj           100%       2d8       1%          2
 Confusing Touch          Hex            75%        N/A       1%          3
 Dazzling Flash           Conj/Hex       100%       N/A       1%          3
 Fugue of the Fallen      Necr           40%        N/A       1%          3
 Gell's Gravitas          Tloc           75%        N/A       1%          3
 Mephitic Cloud           Conj/Alch/Air  80%        N/A       1%          3
 Passwall                 Erth           40%        N/A       1%          3
 Sigil of Binding         Hex            75%        N/A       1%          3
 Summon Ice Beast         Ice/Summ       89%        N/A       1%          3
 Teleport Other           Tloc           75%        N/A       1%          3
 Tukima's Dance           Hex            75%        N/A       1%          3
 Vampiric Draining        Necr           40%        2d8       1%          3
 Dimensional Bullseye     Hex/Tloc       37%        N/A       1%          4
 Iskenderun's Mystic Bla  Conj/Tloc      82%        2d16      1%          4
 Leda's Liquefaction      Alch/Erth      34%        N/A       1%          4
 Manifold Assault         Tloc           75%        N/A       1%          4
 Petrify                  Alch/Erth      69%        N/A       1%          4
 Summon Blazeheart Golem  Fire/Summ      60%        N/A       1%          4
 Vhi's Electric Charge    Tloc/Air       100%       N/A       1%          4
 Arcjolt                  Conj/Air       37%        1d47      1%          5
 Metabolic Englaciation   Hex/Ice        49%        N/A       1%          5
 Silence                  Hex/Air        33%        N/A       2%          5
 Dispel Undead            Necr           40%        3d16      4%          4
 Martyr's Knell           Necr/Summ      40%        N/A       4%          4
 Summon Mana Viper        Hex/Summ       60%        N/A       4%          5
 Starburst                Conj/Fire      41%        6d12      4%          6
 Dispersal                Tloc           37%        N/A       9%          6
 Curse of Agony           Necr           40%        N/A       12%         5
 Lee's Rapid Deconstruct  Erth           20%        3d12*     12%         5
 Bombard                  Conj/Erth      34%        9d6       12%         6
 Orb of Destruction       Conj           44%        9d12      13%         7
 Plasma Beam              Fire/Air       33%        2x1d46    16%         6
 Death Channel            Necr           20%        N/A       52%         6
 Spellforged Servitor     Conj/Summ      34%        N/A       52%         7
 Malign Gateway           Summ/Tloc      30%        N/A       75%         7
 Monstrous Menagerie      Summ           20%        N/A       96%         7
 Disjunction              Tloc           37%        N/A       96%         8
 Ignition                 Fire           37%        3d11      96%         8
 Lehudib's Crystal Spear  Conj/Erth      34%        10d9      99%         8
 Maxwell's Capacitive Co  Air            28%        ∞         100%        8
 Polar Vortex             Ice            58%        12d7*     50%         9
 Sublimation of Blood     Necr           Unusable   N/A       N/A         2

Dungeon Overview and Level Annotations

Branches:
Dungeon (15/15)            Temple (1/1) D:4            Lair (5/5) D:11
 Shoals (4/4) Lair:3       Spider (4/4) Lair:2        Slime (0/5) Lair:4
    Orc (2/2) D:11            Elf (3/3) Orc:2        Vaults (4/5) D:13
  Crypt (1/3) Vaults:3     Depths (0/4) D:15        Ossuary (visited)
  IceCv (visited)          WizLab (visited)

Altars:
Ashenzari
Cheibriados
Dithmenos
Elyvilon
Fedhas
Gozag
Hepliaklqana
Kikubaaqudgha
Makhleb
Nemelex Xobeh
Okawaru
Qazlal
Ru
Sif Muna
Trog
Uskayaw
Vehumet
Wu Jian
Xom
Yredelemnul
Zin
The Shining One
Jiyva
Lugonu

Shops:
D:14 [   Orc:1 =:   Orc:2 [!*   Elf:2 !   Lair:1 =   Lair:3 :   Shoals:1 :
Shoals:3 !   Vaults:2 *

Portals:
Abyss: Lair:5

Annotations:
D:5 1 runed translucent door, exclusion: oklob plant, browni3141's ghost, novice MiFi
D:9 3 runed translucent doors, ces's ghost, novice SpHu
D:13 3 runed translucent doors, peterlawrence's ghost, journeyman MiFi
Lair:2 2 transporters, exclusion: ice statue, hawkwood's ghost, journeyman DgAr
Elf:2 6 runed translucent doors, Hihelu's ghost, adept MiBe
Crypt:1 Frederick


Innate Abilities, Weirdness & Mutations

You are a living statue of rough stone.
Your actions are slow, but your melee attacks are powerful.
You are resistant to unholy torment.
Your maximum health is greatly increased.
You cannot wear most types of armour.
You are amphibious.
You can wear up to eight rings at the same time.
You are immune to poison.
Your skin changes colour to match your surroundings (Stealth+).
((Your rubbery body absorbs attacks. (AC +1, EV +1)))
((You are camouflaged when in or above water. (Stealth+)))
You have tentacles for arms and can constrict up to eight enemies at once.
One of your tentacles bears a spike.
Your health recovers twice as slowly from being drained.


Message History

Unknown command.
Unknown command.
As you read the scroll of summoning, it crumbles to dust.
Wisps of shadow whirl around you... Frederick barely misses you.
The skeletal warrior hits you from afar with a +0 halberd!
* * * LOW HITPOINT WARNING * * *
The necromancer hits you but does no damage.
You block the skeletal warrior's attack.
You block the ancient champion's attack.
The ancient champion hits your eidolon with a +1 battleaxe of draining.
You block the skeletal warrior's attack.
The titan skeleton hits you!
* * * LOW HITPOINT WARNING * * *
Frederick hits you from afar with a +3 demon trident!
* * * LOW HITPOINT WARNING * * *
The skeletal warrior misses you.
The skeletal warrior completely misses you.
The ancient champion casts a spell at you.
The iron shot hits you!
* * * LOW HITPOINT WARNING * * *
The necromancer hits you but does no damage.
Unknown command.
Unknown command.
Blink to where?
Press: ? - help, Dir - move target A revenant comes into view.
Found an arbalest.
As you read the scroll of blinking, it crumbles to dust.
Your laughing skull headbutts the necromancer!
Something hits your eidolon!
The necromancer hits your laughing skull with a +0 dagger of venom!
The revenant lashes out with ghostly flames.
The ghostly flame explodes!
The ghostly fireball engulfs your laughing skull.
Your laughing skull completely resists.
The ghostly fireball engulfs your laughing skull.
Your laughing skull completely resists.
The ghostly fireball engulfs you! You partially resist.
You feel drained.
You die...
Your body crumbles into a pile of gold. #$z@# #zZ.# #zpW#

########.z.#
....)z..Z.z#
.......Z...#
.......z...####
.......z.......
.......8.......
.........).....
###############


You could see a revenant (ally target), 2 skeletal warriors, a necromancer
(distracted, misshapen), a moth of wrath zombie, a quokka skeleton, a titan
skeleton (ally target), a friendly eidolon (summoned) and 4 friendly laughing
skulls.

Vanquished Creatures
  Norris (Vaults:3)
  Arachne (Spider:3)
  A bone dragon (Abyss:2)
  2 liches (Abyss:2)
  4 sphinxes
  A deep elf blademaster (Elf:3)
  2 tentacled starspawn (WizLab)
  Gastronok (Lair:3)
  Frances (D:14)
  2 krakens
  Ilsuiw (Shoals:4)
  Agnes (Spider:1)
  Aizul (Spider:1)
  Donald (Spider:1)
  2 fire giants
  4 emperor scorpions
  A frost giant (Shoals:4)
  6 vault wardens
  7 deep elf sorcerers (Elf:3)
  5 ghost moths
  2 orc warlords
  3 deep elf elementalists (Elf:3)
  A balrug (Abyss:2)
  Louise (Elf:1)
  19 ironbound preservers
  A curse skull (Vaults:3)
  4 formless jellyfish
  8 ironbound thunderhulks
  4 broodmothers
  3 deep elf demonologists (Elf:3)
  3 very ugly things
  6 deep elf death magi (Elf:3)
  Nessos (D:12)
  A vampire knight (Crypt:1)
  12 deep elf annihilators
  A minotaur (Shoals:3)
  2 spark wasps
  12 dire elephants
  8 merfolk javelineers
  An ettin (Orc:2)
  6 merfolk impalers
  8 entropy weavers
  8 yaktaur captains
  2 crystal guardians (Vaults:4)
  Josephine (D:14)
  5 deep elf high priests (Elf:3)
  An entropy weaver (shapeshifter) (D:15)
  2 great orbs of eyes (Vaults:4)
  Erolcha (D:9)
  3 hydras
  4 vault guards
  6 ironbound frosthearts
  6 ogre magi
  A radroach (Spider:4)
  A jorogumo (Spider:3)
  4 alligator snapping turtles
  9 centaur warriors
  A death knight (Vaults:3)
  10 dancing weapons
  A catoblepas (D:13)
  A sphinx zombie (D:15)
  4 merfolk avatars
  4 merfolk aquamancers
  3 satyrs (Shoals:3)
  17 two-headed ogres
  8 boulder beetles
  5 death yaks (Lair:4)
  A sphinx skeleton (D:15)
  2 tengu warriors
  A vampire mage (D:15)
  5 demonic crawlers
  An occultist (D:12)
  Urug (D:13)
  5 thrashing horrors
  12 deep elf knights
  2 sun demons (Abyss:2)
  Nergalle (Lair:3)
  Sonja (Lair:3)
  A hell knight (Vaults:1)
  4 large abominations
  A fire crab (Lair:5)
  3 skeletal warriors (D:15)
  An anaconda zombie (Abyss:2)
  4 pharaoh ants
  A storm dragon skeleton (Crypt:1)
  7 sea snakes
  5 skysharks
  46 deep trolls
  Amaemon (D:9)
  A swamp dragon (shapeshifter) (Elf:2)
  14 deep elf archers
  A mana viper (WizLab)
  9 arcanists
  3 orb spiders
  Pikel (D:6)
  A lindwurm (Vaults:2)
  2 orange crystal statues
  31 harpies
  16 ironbound convokers
  28 deep elf pyromancers
  3 steelbarb worms
  18 wolf spiders
  4 necromancers
  10 orc knights
  3 phantasmal warriors
  22 deep elf zephyrmancers
  13 fauns
  3 orc sorcerers
  6 cyclopes
  18 ugly things
  11 manticores
  An iron dragon zombie (Abyss:3)
  A shining eye (shapeshifter) (WizLab)
  2 worldbinders
  12 meliai
  2 kobold blastminers
  5 merfolk sirens
  Maurice (Orc:1)
  5 black mambas
  7 elephants
  9 vault sentinels
  2 ice statues (Elf:1)
  An apocalypse crab (Abyss:2)
  A titan simulacrum (Crypt:1)
  4 torpor snails
  2 gargoyles
  7 water nymphs
  2 smoke demons
  A torpor snail (shapeshifter) (Vaults:1)
  12 cane toads
  An orange demon (D:9)
  2 kobold demonologists (D:11)
  16 yaktaurs
  3 rime drakes
  4 freezing wraiths
  7 komodo dragons
  Jeremiah (D:8)
  A centaur skeleton (Crypt:1)
  An anaconda simulacrum (IceCv)
  A rime drake (shapeshifter) (Elf:1)
  2 tengu conjurers
  2 golden dragon simulacra (IceCv)
  24 merfolk
  21 tarantellas
  A troll (shapeshifter) (D:14)
  A harpy zombie (Crypt:1)
  A queen bee (Spider:2)
  A hellwing (Abyss:2)
  7 trolls
  3 polar bears
  2 alligator simulacra (IceCv)
  6 wind drakes
  20 blink frogs (Lair:5)
  8 raiju
  3 hornets
  11 culicivoras
  12 snapping turtles
  36 slime creatures
  35 jumping spiders
  A spriggan (Lair:5)
  3 air elementals
  2 shadows
  A dire elephant simulacrum (IceCv)
  9 wraiths
  26 water elementals
  A wyvern (Lair:3)
  2 ynoxinuls (Lair:5)
  47 yaks
  A fire elemental (Elf:3)
  A yak (shapeshifter) (Lair:5)
  9 basilisks
  5 wargs (Orc:1)
  7 humans (D:13)
  A vampire mosquito (D:12)
  43 redbacks
  2 chaos spawn (Lair:5)
  2 harpy simulacra (IceCv)
  20 water moccasins
  5 hell hounds (Abyss:2)
  2 acid dragons
  A swamp drake (D:11)
  6 laughing skulls
  19 orc warriors
  2 sky beasts
  31 ogres
  2 black bears
  An ice beast (D:8)
  19 wolves
  3 boggarts (Vaults:3)
  13 starcursed masses (Abyss:2)
  15 centaurs
  A weeping skull (Ossuary)
  2 elf zombies (Ossuary)
  3 kobold brigands (D:11)
  Blork the orc (D:5)
  4 gnoll sergeants
  13 bullfrogs
  3 earth elementals
  13 small abominations
  3 scorpions
  9 wights (D:9)
  A burial acolyte (Ossuary)
  23 killer bees
  3 howler monkeys
  12 electric eels
  A crimson imp (D:12)
  A human zombie (Ossuary)
  2 bombardier beetles (D:5)
  6 hounds
  22 orc priests
  2 sleepcaps
  5 iguanas
  27 orc wizards
  7 hell rats (Lair:1)
  3 centaur simulacra
  2 mummies (Ossuary)
  A howler monkey zombie (Ossuary)
  16 gnolls
  6 adders
  2 shadow imps
  A howler monkey simulacrum (D:8)
  5 white imps
  6 ufetubi
  An adder zombie (Ossuary)
  2 dart slugs
  A ribbon worm (D:4)
  105 orcs
  8 endoplasms
  6 giant cockroaches
  7 goblins
  8 hobgoblins
  6 jackals
  6 kobolds
  A quokka (D:3)
  6 ball pythons
  5 bats
  3 frilled lizards
  3 rats
  2 butterflies (Lair:3)
  2 fulminant prisms
  A starspawn tentacle (WizLab)
  3 tentacles
1578 creatures vanquished.

Vanquished Creatures (collateral kills)
  2 hellwings (Abyss:2)
2 creatures vanquished.

Vanquished Creatures (others)
  A vault guard (D:13)
  A phantasmal warrior (Vaults:1)
  A raiju (Abyss:2)
  2 dancing weapons
  2 humans (D:13)
  An orc priest (Orc:1)
  52 fulminant prisms
  4 starspawn tentacles (WizLab)
  9 tentacles
73 creatures vanquished.

Grand Total: 1653 creatures vanquished

Notes
Turn   | Place    | Note
-------+----------+-------------------------------------------
     0 | D:1      | Aldia the Octopode Alchemist began the quest for the Orb.
     0 | D:1      | Reached XP level 1. HP: 11/11 MP: 3/3
    85 | D:1      | Reached XP level 2. HP: 4/18 MP: 0/5
   284 | D:1      | Learned a level 2 spell: Mercury Vapours
   301 | D:1      | Reached skill level 1 in Fighting
   361 | D:1      | Reached XP level 3. HP: 22/23 MP: 0/6
   714 | D:1      | Learned a level 3 spell: Mephitic Cloud
  1462 | D:3      | Reached XP level 4. HP: 28/28 MP: 7/7
  1573 | D:3      | Found a stormy altar of Qazlal.
  2026 | D:3      | Reached skill level 1 in Air Magic
  2377 | D:3      | Reached XP level 5. HP: 33/33 MP: 7/9
  2586 | D:4      | Learned a level 4 spell: Olgreb's Toxic Radiance
  2667 | D:4      | Found a glowing golden altar of the Shining One.
  2816 | D:4      | Found a staircase to the Ecumenical Temple.
  2821 | Temple   | Entered the Ecumenical Temple
  2832 | Temple   | Became a worshipper of Gozag Ym Sagoz the Greedy
  2870 | D:4      | Reached skill level 5 in Alchemy
  3093 | D:4      | Reached XP level 6. HP: 22/39 MP: 5/10
  3342 | D:5      | Entered Level 5 of the Dungeon
  3539 | D:5      | Noticed browni3141's ghost (novice MiFi)
  3573 | D:5      | Reached XP level 7. HP: 31/45 MP: 5/12
  4132 | D:5      | Noticed Blork the orc
  4144 | D:5      | Killed Blork the orc
  4295 | D:5      | Found a runed translucent door.
  4463 | D:5      | Found a blossoming altar of Fedhas.
  4479 | D:5      | Noticed an oklob plant
  4739 | D:6      | Reached XP level 8. HP: 47/53 MP: 12/14
  4749 | D:6      | Learned a level 4 spell: Fulminant Prism
  4809 | D:6      | Found a broken altar of Ashenzari.
  4857 | D:6      | Reached skill level 1 in Shapeshifting
  4937 | D:6      | Noticed Pikel
  4951 | D:6      | Killed Pikel
  4952 | D:6      | Reached skill level 5 in Spellcasting
  5157 | D:6      | Found a sand-covered staircase.
  5186 | Ossuary  | Entered an ossuary
  5186 | Ossuary  | Found a huge runed translucent gate.
  5186 | Ossuary  | Found a huge runed translucent gate.
  5186 | Ossuary  | Found a huge runed translucent gate.
  5186 | Ossuary  | Found a huge runed translucent gate.
  5186 | Ossuary  | Found a huge runed translucent gate.
  5186 | Ossuary  | Found a huge runed translucent gate.
  5186 | Ossuary  | Found a huge runed translucent gate.
  5186 | Ossuary  | Found a huge runed translucent gate.
  5187 | Ossuary  | Found a huge runed translucent gate.
  5187 | Ossuary  | Found a huge runed translucent gate.
  5187 | Ossuary  | Found a huge runed translucent gate.
  5188 | Ossuary  | Found a huge runed translucent gate.
  5188 | Ossuary  | Found a huge runed translucent gate.
  5190 | Ossuary  | Found a huge runed translucent gate.
  5190 | Ossuary  | Found a huge runed translucent gate.
  5206 | Ossuary  | Reached XP level 9. HP: 57/58 MP: 7/16
  5219 | Ossuary  | Found a huge runed translucent gate.
  5219 | Ossuary  | Found a huge runed translucent gate.
  5219 | Ossuary  | Found a huge runed translucent gate.
  5219 | Ossuary  | Found a huge runed translucent gate.
  5219 | Ossuary  | Found a huge runed translucent gate.
  5220 | Ossuary  | Found a huge runed translucent gate.
  5220 | Ossuary  | Found a huge runed translucent gate.
  5222 | Ossuary  | Found a huge runed translucent gate.
  5222 | Ossuary  | Found a huge runed translucent gate.
  5223 | Ossuary  | Found a huge runed translucent gate.
  5223 | Ossuary  | Found a huge runed translucent gate.
  5224 | Ossuary  | Found a huge runed translucent gate.
  5224 | Ossuary  | Found a huge runed translucent gate.
  5294 | Ossuary  | Found a huge runed translucent gate.
  5294 | Ossuary  | Found a huge runed translucent gate.
  5306 | Ossuary  | Found a huge runed translucent gate.
  5306 | Ossuary  | Found a huge runed translucent gate.
  5306 | Ossuary  | Found a huge runed translucent gate.
  5306 | Ossuary  | Found a huge runed translucent gate.
  5306 | Ossuary  | Found a huge runed translucent gate.
  5459 | D:6      | Learned a level 5 spell: Irradiate
  5610 | D:6      | Identified the +3 mace "Noraquoh" {flame, rPois Int+3}
  5671 | D:7      | HP: 1/58 [orc warrior/+0 flail (14)]
  6345 | D:7      | Learned a level 1 spell: Magic Dart
  6446 | D:7      | Reached skill level 5 in Conjurations
  6523 | D:7      | Noticed a hornet
  6620 | D:7      | Killed a hornet
  6780 | D:7      | Found a shimmering blue altar of Sif Muna.
  6953 | D:8      | Noticed a polar bear
  6969 | D:8      | Killed a polar bear
  6969 | D:8      | Noticed a polar bear
  7091 | D:8      | Killed a polar bear
  7092 | D:8      | Reached XP level 10. HP: 63/63 MP: 5/19
  7666 | D:8      | Noticed Jeremiah
  7679 | D:8      | Killed Jeremiah
  7862 | D:8      | Reached skill level 1 in Shields
  7906 | D:8      | Found a shadowy altar of Dithmenos.
  7981 | D:9      | Noticed Erolcha
  7987 | D:9      | Killed Erolcha
  8108 | D:9      | Noticed Amaemon
  8108 | D:9      | Noticed an orange demon
  8115 | D:9      | Killed an orange demon
  8116 | D:9      | Reached skill level 5 in Shapeshifting
  8124 | D:9      | Killed Amaemon
  8125 | D:9      | Reached skill level 5 in Fighting
  8565 | D:9      | You fall into a shaft and drop 2 floors!
  8573 | D:10     | Entered Level 10 of the Dungeon
  8608 | D:9      | Reached XP level 11. HP: 25/72 MP: 10/22
  8641 | D:9      | Noticed a two-headed ogre
  8755 | D:9      | Found a runed translucent gate.
  8755 | D:9      | Found a runed translucent gate.
  8755 | D:9      | Noticed ces's ghost (novice SpHu)
  8756 | D:9      | Found a runed translucent gate.
  8913 | D:9      | Killed a two-headed ogre
  8914 | D:9      | Reached skill level 5 in Dodging
  9877 | D:10     | Learned a level 4 spell: Ignite Poison
  9944 | D:10     | Identified the ring of Red Wine {MP+9 Str-5 Dex+6 Stlth+}
 10145 | D:10     | Reached skill level 1 in Fire Magic
 10425 | D:10     | Found a glowing silver altar of Zin.
 10856 | D:11     | Noticed a boulder beetle
 10863 | D:11     | Killed a boulder beetle
 11383 | D:11     | Found a staircase to the Lair.
 11816 | D:11     | Reached XP level 12. HP: 44/77 MP: 12/24
 11822 | D:11     | Learned a level 4 spell: Sticky Flame
 12028 | D:11     | Reached skill level 5 in Fire Magic
 12064 | D:11     | Found a staircase to the Orcish Mines.
 12388 | D:11     | Noticed a boulder beetle
 12394 | D:11     | Killed a boulder beetle
 12560 | Orc:1    | Entered Level 1 of the Orcish Mines
 12822 | Orc:2    | Entered Level 2 of the Orcish Mines
 13125 | Orc:2    | Noticed a two-headed ogre
 13341 | Orc:2    | Noticed a two-headed ogre
 13344 | Orc:2    | Killed a two-headed ogre
 13344 | Orc:2    | Killed a two-headed ogre
 13353 | Orc:2    | Noticed a two-headed ogre
 13475 | Orc:2    | Noticed a two-headed ogre
 13475 | Orc:2    | Noticed a two-headed ogre
 13478 | Orc:2    | Noticed an ogre mage
 13665 | Orc:2    | Killed a two-headed ogre
 13665 | Orc:2    | Killed a two-headed ogre
 13711 | Orc:1    | Killed a two-headed ogre
 13784 | Orc:2    | Reached skill level 10 in Spellcasting
 13807 | Orc:2    | Noticed a two-headed ogre
 13807 | Orc:2    | Noticed a two-headed ogre
 13810 | Orc:2    | Noticed an ogre mage
 13811 | Orc:2    | Noticed a boulder beetle
 13811 | Orc:2    | Killed a two-headed ogre
 13813 | Orc:2    | Killed a two-headed ogre
 13813 | Orc:2    | Killed an ogre mage
 13814 | Orc:2    | Killed an ogre mage
 13814 | Orc:2    | Noticed a two-headed ogre
 13814 | Orc:2    | Noticed a two-headed ogre
 13815 | Orc:2    | Reached XP level 13. HP: 70/86 MP: 2/27
 15393 | Orc:2    | Found Kirod's Assorted Antiques.
 15397 | Orc:2    | Found Ceres's Armour Emporium.
 15397 | Orc:2    | Found Tato's Distillery.
 15397 | Orc:2    | Found Enuri's Assorted Antiques.
 15406 | Orc:2    | Bought a potion of magic for 120 gold pieces
 15406 | Orc:2    | Bought a potion of heal wounds for 75 gold pieces
 15406 | Orc:2    | Bought a potion of lignification for 45 gold pieces
 15407 | Orc:2    | Bought a gilded ring for 165 gold pieces
 15407 | Orc:2    | Bought a scroll of fear for 132 gold pieces
 15529 | Orc:2    | Noticed an ettin
 15539 | Orc:2    | Killed an ettin
 15815 | Orc:2    | Paralysed by an orc sorcerer for 4 turns
 16030 | Orc:2    | Found a staircase to the Elven Halls.
 16315 | Orc:1    | Found Aneamn's Book Shop.
 16317 | Orc:1    | Paralysed by an orc sorcerer for 5 turns
 16325 | Orc:1    | Reached skill level 10 in Shapeshifting
 16479 | Orc:1    | You fall into a shaft and drop 1 floor!
 16580 | Orc:1    | Noticed Maurice
 16588 | Orc:1    | Killed Maurice
 17027 | Orc:2    | Bought a potion of curing for 99 gold pieces
 17472 | Orc:1    | Bought the amulet of Tiupurud {RegenMP rC+ Will+ Int+2
                  | Stlth-} for 838 gold pieces
 17530 | Lair:1   | Entered Level 1 of the Lair of Beasts
 18036 | Lair:1   | Reached XP level 14. HP: 97/97 MP: 28/29
 18163 | Lair:1   | Reached skill level 1 in Evocations
 18903 | Lair:2   | Found a transporter.
 18903 | Lair:2   | Noticed hawkwood's ghost (journeyman DgAr)
 18958 | Lair:2   | Found a transporter.
 19309 | Lair:2   | Found a hole to the Spider Nest.
 20632 | Lair:3   | Noticed Gastronok
 20639 | Lair:3   | Killed Gastronok
 20640 | Lair:3   | Reached skill level 1 in Unarmed Combat
 20811 | Lair:3   | Found a staircase to the Shoals.
 21115 | Lair:3   | Noticed Nergalle
 21128 | Lair:3   | Killed Nergalle
 21372 | Lair:3   | Noticed Sonja
 21375 | Lair:3   | Killed Sonja
 21381 | Lair:3   | Reached skill level 10 in Fighting
 21381 | Lair:3   | Reached skill level 10 in Dodging
 21620 | Lair:4   | Found a sacrificial altar of Ru.
 21986 | Orc:1    | Bought a book of Minor Magic for 208 gold pieces
 21989 | Orc:1    | Learned a level 2 spell: Blink
 22292 | Lair:4   | Learned a level 5 spell: Yara's Violent Unravelling
 22297 | Lair:4   | Learned a level 4 spell: Passage of Golubria
 22382 | Lair:4   | Reached skill level 1 in Hexes
 22382 | Lair:4   | Reached skill level 1 in Translocations
 22383 | Lair:4   | Reached skill level 5 in Evocations
 22658 | Lair:4   | Found a viscous altar of Jiyva.
 22658 | Lair:4   | Found a staircase to the Slime Pits.
 23067 | Lair:5   | Entered Level 5 of the Lair of Beasts
 23339 | Lair:5   | Reached XP level 15. HP: 105/105 MP: 31/31
 23343 | Lair:5   | Learned a level 3 spell: Tukima's Dance
 24765 | Lair:5   | Reached skill level 5 in Hexes
 25001 | Lair:5   | Identified the +1 flail "Zixoq" {holy, rPois Dex+2}
 25282 | Lair:5   | Found a corrupted altar of Lugonu.
 25282 | Lair:5   | Found a one-way gate to the infinite horrors of the Abyss.
 25629 | Lair:1   | Bought a granite talisman for 780 gold pieces
 25629 | Lair:1   | Bought a +6 ring of intelligence for 468 gold pieces
 26065 | D:12     | Noticed Nessos
 26070 | D:12     | Killed Nessos
 26524 | D:12     | Reached skill level 5 in Translocations
 26996 | D:13     | Noticed Urug
 27003 | D:13     | Killed Urug
 27195 | D:13     | Found a runed translucent gate.
 27195 | D:13     | Found a runed translucent gate.
 27195 | D:13     | Found a runed translucent gate.
 27195 | D:13     | Noticed peterlawrence's ghost (journeyman MiFi)
 27538 | D:13     | Found a gate to the Vaults.
 28224 | D:14     | Noticed Josephine
 28736 | D:14     | Reached XP level 16. HP: 114/114 MP: 32/32
 28929 | D:14     | Noticed Frances
 28943 | D:14     | Killed Frances
 29123 | D:14     | Found Zerghi Bunn's Armour Shop.
 29300 | D:14     | Killed Josephine
 29419 | D:15     | Entered Level 15 of the Dungeon
 29475 | D:15     | Found an iron altar of Okawaru.
 30034 | D:15     | Found a staircase to the Depths.
 30487 | D:15     | Found a radiant altar of Vehumet.
 31313 | Spider:1 | Entered Level 1 of the Spider Nest
 31513 | Spider:1 | Identified the serpent talisman "Qofaker" {rF- rN+++ Int+3
                  | Dex-3}
 31513 | Spider:1 | Noticed Aizul
 31522 | Spider:1 | Killed Aizul
 32103 | Spider:1 | Noticed Agnes
 32108 | Spider:1 | Killed Agnes
 32183 | Spider:1 | Got Piam's Dissertation on Unstable Detritus
 32296 | Spider:1 | Noticed Donald
 32300 | Spider:1 | Killed Donald
 33057 | Spider:2 | Identified the +1 shortbow of Sudden Death {freeze, +Blink
                  | Str+3 Dex+3}
 34020 | Spider:3 | Reached XP level 17. HP: 101/121 MP: 17/33
 34034 | Spider:3 | Reached skill level 5 in Shields
 34232 | Spider:3 | Identified the +4 whip "Teluatimp" {flame, rElec rF+ rC++
                  | Dex-3}
 34573 | Spider:4 | Entered Level 4 of the Spider Nest
 34733 | Shoals:1 | Entered Level 1 of the Shoals
 34764 | Shoals:1 | Noticed a kraken
 34772 | Shoals:1 | Killed a kraken
 35091 | Shoals:1 | Found Kusirgh's Book Shoppe.
 35102 | Shoals:1 | Bought a manual of Shields for 880 gold pieces
 36965 | Shoals:3 | Identified the +10 arbalest of Pihing {drain, Fly rCorr}
 37016 | Shoals:3 | Identified the +5 quarterstaff of the Foot {freeze, Int-3
                  | Dex+3}
 37031 | Shoals:3 | Reached skill level 15 in Shapeshifting
 37047 | Shoals:3 | Found a hide-covered altar of Uskayaw.
 37274 | Shoals:3 | Noticed a kraken
 37281 | Shoals:3 | Killed a kraken
 37687 | Shoals:3 | Bought a potion of experience for 750 gold pieces
 37691 | Shoals:3 | Reached skill level 10 in Shields
 37691 | Shoals:3 | Reached XP level 18. HP: 128/128 MP: 34/34
 37700 | Shoals:3 | Learned a level 6 spell: Sculpt Simulacrum
 37917 | Spider:4 | Noticed Arachne
 38204 | Spider:3 | Reached skill level 1 in Ice Magic
 38226 | Spider:3 | Killed Arachne
 38227 | Spider:3 | Reached XP level 19. HP: 134/134 MP: 35/35
 38933 | Spider:4 | Reached skill level 5 in Ice Magic
 39236 | Spider:4 | Got a gossamer rune of Zot
 39521 | Shoals:4 | Entered Level 4 of the Shoals
 39609 | Shoals:4 | Noticed Ilsuiw
 39621 | Shoals:4 | Killed Ilsuiw
 40418 | Shoals:4 | Got a barnacled rune of Zot
 40448 | Shoals:4 | Found the +2 Maxwell's thermic engine {flame, freeze, rev}
 40813 | Elf:1    | Entered Level 1 of the Elven Halls
 40943 | Elf:1    | Found a glacial archway.
 40969 | Elf:1    | Gained mutation: You are frail. (-10% HP) [mutagenic glow]
 41126 | IceCv    | Entered an ice cave
 41138 | IceCv    | Found a transporter.
 41163 | IceCv    | Found a transporter.
 41325 | Elf:1    | Noticed Louise
 41331 | Elf:1    | Killed Louise
 41332 | Elf:1    | Reached XP level 20. HP: 126/126 MP: 18/37
 41478 | Elf:1    | Paralysed by an air elemental for 1 turns
 41539 | Elf:1    | Got Juppuaki's Papyrus of Wounds
 41939 | Elf:1    | Paralysed by an air elemental for 1 turns
 42024 | Elf:2    | Reached skill level 10 in Ice Magic
 42093 | Elf:2    | Found Asheywi's Distillery.
 42106 | Elf:2    | Bought a potion of mutation for 112 gold pieces
 42121 | Elf:2    | Reached skill level 1 in Long Blades
 42359 | Elf:2    | Found a runed translucent gate.
 42360 | Elf:2    | Found a runed translucent gate.
 42360 | Elf:2    | Found a runed translucent gate.
 42365 | Elf:2    | Noticed Hihelu's ghost (adept MiBe)
 42366 | Elf:2    | Found an iron altar of Okawaru.
 42489 | Elf:2    | Found a runed translucent gate.
 42489 | Elf:2    | Found a runed translucent gate.
 42489 | Elf:2    | Found a runed translucent gate.
 42518 | Elf:3    | Entered Level 3 of the Elven Halls
 42727 | Abyss:2  | Cast into level 2 of the Abyss (a deep elf sorcerer)
 42785 | Abyss:2  | Found a corrupted altar of Lugonu.
 42787 | Abyss:2  | Noticed a bone dragon
 42815 | Abyss:2  | Killed a bone dragon
 42956 | Abyss:3  | Gained mutation: Your spells are a little easier to cast,
                  | but a little less powerful. [mutagenic glow]
 42970 | Abyss:3  | Found a corrupted altar of Lugonu.
 43034 | Elf:3    | Escaped the Abyss
 43514 | Vaults:1 | Entered Level 1 of the Vaults
 43585 | Vaults:1 | Reached skill level 5 in Long Blades
 43733 | Vaults:1 | Learned a level 7 spell: Ozocubu's Refrigeration
 44069 | Vaults:1 | Reached XP level 21. HP: 133/133 MP: 29/39
 44075 | Vaults:1 | Lost mutation: Your spells are a little easier to cast, but
                  | a little less powerful. [potion of mutation]
 44075 | Vaults:1 | Lost mutation: You are frail. (-10% HP) [potion of
                  | mutation]
 44075 | Vaults:1 | Gained mutation: Your health recovers twice as slowly from
                  | being drained. [potion of mutation]
 44075 | Vaults:1 | Gained mutation: One of your tentacles bears a spike.
                  | [potion of mutation]
 44264 | Vaults:1 | Identified the +7 arbalest of Bodily Harmony {freeze, rN+}
 44288 | Vaults:1 | Found the +5 glaive of the Guard {elec, spectral}
 44752 | Vaults:1 | Found Rail's Antique Armour Shoppe.
 45257 | Vaults:2 | Found a magical portal.
 45269 | WizLab   | Entered The Roulette of Golubria
 45269 | WizLab   | Found a transporter.
 45274 | WizLab   | Found a corrupted altar of Lugonu.
 45301 | WizLab   | Found a transporter.
 45311 | WizLab   | Found a corrupted altar of Lugonu.
 45355 | WizLab   | Found a transporter.
 45373 | WizLab   | Found a transporter.
 45391 | WizLab   | Found a corrupted altar of Lugonu.
 45459 | WizLab   | Found a corrupted altar of Lugonu.
 45459 | WizLab   | Found a corrupted altar of Lugonu.
 45463 | WizLab   | Found a transporter.
 45566 | WizLab   | Found a corrupted altar of Lugonu.
 45602 | WizLab   | Found a transporter.
 45605 | WizLab   | Found a corrupted altar of Lugonu.
 45637 | WizLab   | Found a transporter.
 45737 | Vaults:2 | Found Pel Han's General Store.
 45744 | Vaults:2 | Bought a scroll of revelation for 112 gold pieces
 45744 | Vaults:2 | Bought a potion of heal wounds for 75 gold pieces
 45812 | Vaults:2 | Identified a scroll of acquirement
 46164 | Vaults:2 | Reached skill level 15 in Fighting
 46178 | Vaults:2 | Acquired the ring "Ytof" {AC+4 Int+6}
 46279 | Vaults:2 | Paralysed by a sphinx for 5 turns
 47083 | Vaults:3 | Reached skill level 15 in Spellcasting
 47117 | Vaults:3 | Reached XP level 22. HP: 157/157 MP: 31/41
 47574 | Vaults:3 | Noticed Norris
 47583 | Vaults:3 | Killed Norris
 48259 | Vaults:3 | Found a staircase to the Crypt.
 48885 | Vaults:4 | Paralysed by a sphinx for 4 turns
 49200 | Vaults:4 | Reached skill level 15 in Ice Magic
 51034 | Elf:3    | Identified the +2 halberd "Nadufewo" {venom, rPois Str+2}
 51034 | Elf:3    | Identified the amulet "Coefigg" {Faith rF+ Str+4 Int+2}
 51074 | Elf:3    | Identified the +3 whip of Charity {heavy, *Noise Fly rF+}
 51079 | Elf:3    | Identified the amulet of Heul Zof {Reflect Slay+6 SH+5}
 51227 | Elf:3    | Identified the ring "Niym" {rPois rC+ Will- Int+5 Stlth+}
 51236 | Elf:3    | Identified the +10 trident "Wiaf" {freeze, ^Fragile rElec
                  | rF+ Str+4}
 51285 | Elf:3    | Got the Elucidation of Wildfire and Oromancy
 51684 | Crypt:1  | Entered Level 1 of the Crypt
 51686 | Crypt:1  | Identified the orb "Fuesucw" {light, rF- rN++}
 51686 | Crypt:1  | Noticed Frederick
 51693 | Crypt:1  | Reached XP level 23. HP: 141/159 MP: 33/42
 51699 | Crypt:1  | HP: 3/198 [ancient champion/iron shot (15)]
 51700 | Crypt:1  | Killed from afar by a revenant

Illustrated notes

Levels and vault maps discovered:
D:1:      minmay_arrival_semitransparent, layout_basic
D:2:      layout_rooms, amcnicky_mini_pool_small
D:3:      layout_loops_corners, marbit_many_paths, serial_bayou_pond_e
D:4:      layout_rooms, tso_metal_star, temple_doors_cd, grunt_ministairs_13
D:5:      cheibrodos_helix_gallery, layout_basic, tgw_fedhas,
          hellmonk_ghost_happy_afterlife, uniq_blork_the_orc
D:6:      layout_rooms, mainiacjoe_overflow_boulevard,
          nicolae_ossuary_entry_false_entrances, uniq_pikel
D:7:      layout_basic, lemuel_doored_altar
D:8:      layout_basic, lemuel_round_altar, serial_ice, serial_ice_o,
          serial_ice_n, serial_ice_g, serial_ice_f, uniq_jeremiah
D:9:      layout_gridville, gammafunk_ghost_spectres, lightli_corner_chamber,
          uniq_erolcha, uniq_amaemon
D:10:     layout_basic, mainiacjoe_overflow_cross_hatched,
          nicolae_underground_beach
D:11:     layout_roguey, erik_lair_island, erik_orc_1, hex_intersection
D:12:     cheibrodos_fzero, layout_gridville, lightli_wizard_tower, uniq_nessos
D:13:     layout_roguey, ximxim_vaults_locker_room, gammafunk_ghost_hydra_chop,
          uniq_urug
D:14:     layout_basic, serial_shops, shop, nicolae_eternal_life, minivault_16,
          uniq_josephine, uniq_frances
D:15:     gammafunk_depths_entry_grave, layout_irregular_city,
          nicolae_vehumet_altar_sigil, okawaru_ov_weapons_minmay
Temple:   nicolae_temple_superstar
Lair:1:   layout_layer_cave
Lair:2:   layout_regular_city, nicolae_spider_entry_tight_spaces,
          nzn_ghost_randoct
Lair:3:   layout_gridlike, minmay_shoals_entry_beasts,
          infiniplex_staircase_pool_2, lemuel_fruit_fields, uniq_sonja,
          uniq_nergalle, uniq_gastronok
Lair:4:   layout_regular_city, dpeg_slime_entry_enclosed, basic_altar
Lair:5:   hellmonk_lair_end_abyssal_woods, layout_hall_layers,
          infiniplex_staircase_pool, grunt_megastairs_5
Shoals:1: layout_shoals, serial_shops, nicolae_shop_tiny_waterfront,
          nicolae_shoals_kraken_intersection
Shoals:2: layout_shoals
Shoals:3: layout_shoals, regret_index_shoals_crete
Shoals:4: shoals_end_grunt_ice, layout_shoals, shoals_ilsuiw_ice
Spider:1: layout_cave_pods, hangedman_spider_tarantella_strand, uniq_aizul,
          uniq_agnes, uniq_donald
Spider:2: layout_spider_delve, special_room [special_room_bee]
Spider:3: nicolae_spider_brood_tunnel
Spider:4: grunt_spider_rune_parallel, uniq_arachne
Orc:1:    layout_diamond_mine, serial_shops, shop, uniq_maurice
Orc:2:    st_orc_ogre_mass, layout_caves, blackcustard_rock_pile
Elf:1:    nicolae_elf_arrival_fired_up, layout_gridlike,
          portal_ice_cave_entry_ice_statue_two, minmay_elf_annihilation,
          uniq_louise
Elf:2:    elven_hall_of_blades_hangedman_original
          [nicolae_blade_entry_hurt_lockers], layout_geoelf_diagonals,
          serial_shops, shop, gammafunk_ghost_fury_of_okawaru,
          minmay_misc_feat_diagonals, feat_on_display, uniq_asterion
Elf:3:    minmay_elf_hall_x, layout_gridlike, grunt_megastairs_4
Vaults:1: minmay_guarded_unrand_guard, v_misc_9, hangedman_vaults_locks,
          ontoclasm_vaults_gateway, nicolae_vaults_tetromino_T_2,
          nicolae_vaults_tetromino_L_2, grunt_vaults_funnel, v_alt_pattern_4,
          nicolae_vaults_tetromino_T_1, nicolae_vaults_tetromino_Z_2,
          nicolae_vaults_trapezoid_lopsided_2, nicolae_vaults_sightless_eye,
          nicolae_vaults_theta, vaults_dpeg_doors, layout_vaults_omnicross,
          serial_shops, nicolae_shop_statue_plus
Vaults:2: infiniplex_enter_wizlab_water, nicolae_vaults_twisting_passages,
          nicolae_vaults_wrenched, nicolae_vaults_heart-shaped_vault,
          hangedman_vaults_corner_blocks, grunt_vaults_swirl, v_pattern_4,
          dpeg_vaults_monster_box, vaults_dpeg_emergency_exit,
          nicolae_vaults_house_2, layout_vaults_omnigrid, serial_shops, shop
Vaults:3: portal_desolation_entry_ruin, minmay_crypt_entry_simple_walls,
          v_misc_18, vaults_room_large_hall, nicolae_vaults_gold_heap,
          nicolae_vaults_trapezoid_layered, nicolae_vaults_trapezoid_lopsided_1,
          v_pattern_3, nicolae_vaults_trapezoid_layered,
          nicolae_vaults_closet_pinwheel_5,
          nicolae_vaults_offset_grid_hallway_1, vaults_standard_mumra_lines,
          nicolae_vaults_storage_closets_1, ontoclasm_vaults_ligature,
          v_misc_14, nicolae_vaults_surprise_closet, layout_vaults_omnibox,
          uniq_norris
Vaults:4: grunt_vaults_trifunnel, nicolae_vaults_house_2,
          ontoclasm_vaults_ring_square, nicolae_vaults_network_star, v_misc_28,
          nicolae_vaults_three_branches, vaults_room_octagon,
          nicolae_vaults_trapezoid_lopsided_1, nicolae_vaults_mini_display_case,
          nicolae_vaults_six-pack, nicolae_vaults_ring_of_whatevers,
          nicolae_vaults_double_plus_1, nicolae_vaults_house_2,
          layout_vaults_chaotic_city
Crypt:1:  layout_chaotic_city, uniq_frederick, uniq_boris

Skill      XL: |  1  2  3  4  5  6  7  8  9 10 11 12 13 14 15 16 17 18 19 20 21 22 |
---------------+-------------------------------------------------------------------+-----
Fighting       | 1 2 3 4 5 7 9 10 11 12 13 14 15 16 | 16.2
Alchemy        | 4 5 6 8 |  8.0
Stealth        | 3 |  3.1
Air Magic      | 1 2 |  2.0
Spellcasting   | 3 4 5 6 7 8 10 11 12 13 14 15 | 15.8
Conjurations   | 2 3 6 7 8 |  8.0
Shapeshifting  | 2 4 5 7 9 10 11 13 15 16 | 16.0
Dodging        | 4 6 7 9 10 11 12 13 | 13.0
Shields        | 3 4 10 13 14 | 14.0
Fire Magic     | 4 5 |  5.0
Evocations     | 5 |  5.0
Unarmed Combat | 1 2 |  2.1
Hexes          | 3 5 |  5.0
Translocations | 2 5 |  5.0
Ice Magic      | 1 9 11 13 15 | 15.9
Long Blades    | 5 8 9 |  9.9

Action                     |  1- 3 |  4- 6 |  7- 9 | 10-12 | 13-15 | 16-18 | 19-21 | 22-24 || total
---------------------------+-------+-------+-------+-------+-------+-------+-------+-------++-------
  Melee: Unarmed           |     3 |       |       |     1 |   345 |   328 |    89 |       ||   766
         Constrict         |     6 |    25 |    33 |    21 |    87 |    49 |    73 |    25 ||   319
         Tentacles         |     3 |    24 |    43 |    25 |       |    69 |   211 |    70 ||   445
         Short sword       |    19 |   114 |    33 |       |       |       |       |       ||   166
         Punch             |       |     2 |     4 |     2 |       |     4 |    24 |    12 ||    48
         Trident           |       |       |    54 |       |       |       |       |       ||    54
         Mace              |       |       |    64 |   117 |       |     2 |       |       ||   183
         Demon trident     |       |       |       |       |       |       |   120 |       ||   120
         Double sword      |       |       |       |       |       |       |   420 |   191 ||   611
         Kick              |       |       |       |       |       |       |   113 |    87 ||   200
   Fire: Orcbow            |       |       |     4 |       |       |       |       |       ||     4
   Cast: Sting             |    60 |    18 |    15 |       |       |       |       |       ||    93
         Mercury Vapours   |     1 |     7 |     9 |     2 |       |       |       |       ||    19
         Mephitic Cloud    |       |     5 |    10 |     6 |       |     1 |       |       ||    22
         Olgreb's Toxic Ra |       |       |     7 |    45 |    92 |   101 |    79 |    26 ||   350
         Fulminant Prism   |       |       |    12 |    16 |    15 |    10 |     1 |       ||    54
         Irradiate         |       |       |     4 |    41 |   104 |    57 |    74 |    12 ||   292
         Magic Dart        |       |       |     1 |    17 |    27 |       |       |       ||    45
         Ignite Poison     |       |       |       |    31 |   114 |   122 |   132 |    42 ||   441
         Sticky Flame      |       |       |       |       |    44 |    29 |    28 |     3 ||   104
         Yara's Violent Un |       |       |       |       |     1 |     9 |    18 |    17 ||    45
         Blink             |       |       |       |       |     1 |       |       |       ||     1
         Tukima's Dance    |       |       |       |       |       |     3 |       |       ||     3
         Ozocubu's Refrige |       |       |       |       |       |       |     7 |     3 ||    10
         Sculpt Simulacrum |       |       |       |       |       |       |     1 |       ||     1
 Invoke: Potion Petition   |       |       |     1 |       |       |     2 |     3 |       ||     6
         Call Merchant     |       |       |       |       |     2 |     2 |       |       ||     4
Ability: Begin Untransform |       |       |       |       |     1 |       |       |       ||     1
  Evoke: Wand              |       |       |       |     1 |     1 |    16 |     9 |       ||    27
         Phial of floods   |       |       |       |       |       |     1 |       |       ||     1
         Sack of spiders   |       |       |       |       |       |       |     1 |       ||     1
         Lightning rod     |       |       |       |       |       |       |       |     1 ||     1
    Use: Potion            |     1 |       |       |       |     3 |     4 |     6 |       ||    14
         Scroll            |     3 |     3 |    13 |     7 |    10 |     9 |    12 |     3 ||    60
   Stab: Sleeping          |     5 |     7 |     3 |     2 |     3 |     2 |    16 |     6 ||    44
         Confused          |       |     2 |     1 |     2 |       |       |       |       ||     5
         Distracted        |       |       |     1 |       |     6 |     1 |     5 |     3 ||    16
 Armour: Skin              |    13 |    37 |    53 |    86 |   278 |   482 |   656 |   199 ||  1804
  Dodge: Dodged            |    29 |    87 |   131 |   178 |   455 |   735 |  1130 |   272 ||  3017
  Block: Other             |       |       |    34 |     7 |    17 |       |       |       ||    58
         Reflection        |       |       |     1 |     8 |       |     9 |    46 |    20 ||    84
         Buckler           |       |       |       |    94 |       |    64 |       |       ||   158
         Kite shield       |       |       |       |       |       |   169 |  1255 |   326 ||  1750
   Form: Serpent           |       |       |       |     1 |     1 |     2 |       |       ||     4
         Statue            |       |       |       |       |       |     1 |       |       ||     1
